 Dungeon Crawl Stone Soup version 0.19.0-11-g3fc08b3 (webtiles) character file.

253195 mistymad the Black Belt (level 20, -11/253 HPs)
             Began as a Naga Transmuter on Nov 8, 2016.
             Was the Champion of Cheibriados.
             Mangled by a vault warden
             ... wielding a +3 bardiche of flaming
              (37 damage)
             ... on level 2 of the Vaults.
             The game lasted 02:50:04 (50160 turns).

mistymad the Black Belt (Naga Transmuter)          Turns: 50160, Time: 02:50:04

Health: -11/253    AC: 35    Str: 27    XL:     20   Next: 14%
Magic:  44/44      EV: 22    Int: 41    God:    Cheibriados [******]
Gold:   814        SH: 10    Dex: 29    Spells: 11 memorised, 7 levels left

rFire  . . .     SeeInvis +       - Unarmed
rCold  + . .     Gourm    .     (armour currently unavailable)
rNeg   + . .     Faith    .     D - +2 buckler
rPois  ∞         Spirit   .     C - +3 hat of Pondering {ponderous, MR+ MP+10 Int+5}
rElec  +         Reflect  .     v - +1 cloak of Starlight {rElec rC+ EV+4 Stlth--}
rCorr  +         Harm     .     (gloves currently unavailable)
MR     ++++.                    (no barding)
Stlth  ..........               s - amulet of regeneration
                                M - ring of protection from magic
                                f - ring of resist corrosion

@: statue-form, repel missiles, very slow
A: see invisible, deformed body, poison resistance, (slowness 0), slow
metabolism 1, spit poison 1, constrict 1, AC +6
a: Spit Poison, End Transformation, Bend Time, Temporal Distortion, Slouch, Step
From Time, Renounce Religion
}: 1/15 runes: gossamer


You were on level 2 of the Vaults.
You worshipped Cheibriados.
Cheibriados was exalted by your worship.
You were not hungry.
You were a stone statue.
You visited 8 branches of the dungeon, and saw 33 of its levels.
You also visited: Volcano and Wizlab.

You collected 3530 gold pieces.
You spent 2716 gold pieces at shops.

Inventory:

Hand Weapons
 w - the +8 flail of Gaseteru {crush, rC+ Int+7}
   (You found it on level 2 of the Lair of Beasts)

   It inflicts extra damage upon your enemies.
   It affects your intelligence (+7).
   It protects you from cold.
Missiles
 a - 968 arrows
 c - 3 javelins of penetration (quivered)
Armour
 v - the +1 cloak of Starlight (worn) {rElec rC+ EV+4 Stlth--}
   (You bought it in a shop on level 2 of the Orcish Mines)

   It affects your evasion (+4).
   It protects you from cold.
   It insulates you from electricity.
   It makes you much less stealthy.
 C - the +3 hat of Pondering (worn) {ponderous, MR+ MP+10 Int+5}
   (You took it off Gastronok on level 1 of the Lair of Beasts)

   It affects your intelligence (+5).
   It affects your resistance to hostile enchantments.
   It affects your magic capacity (+10).
 D - a +2 buckler (worn)
 E - a +2 robe of resistance (melded)
 J - a +1 pair of gloves of archery (melded)
 S - a +2 naga barding of stealth (melded)
 X - a +1 large shield of protection
Rods
 Y - a +0 rod of shadows (12/12)
   (You found it on level 4 of the Lair of Beasts)
Jewellery
 f - a ring of resist corrosion (left hand)
 s - an amulet of regeneration (around neck)
 I - an uncursed ring of protection from cold
 M - a ring of protection from magic (right hand)
 R - an uncursed ring of protection from cold
Wands
 y - a wand of teleportation (2/9)
 T - a wand of heal wounds (3/9)
 U - a wand of digging (4/24)
 W - a wand of disintegration (0/24)
Scrolls
 b - 7 scrolls of recharging
 j - 17 scrolls of remove curse
 n - a scroll of summoning
 t - 3 scrolls of holy word
 x - 6 scrolls of amnesia
 z - 5 scrolls of teleportation
 B - 3 scrolls of enchant armour
 G - 4 scrolls of fog
 H - 10 scrolls of identify
 N - 3 scrolls of fear
 P - 5 scrolls of blinking
 Q - a scroll of silence
 Z - a scroll of magic mapping
Potions
 e - 15 potions of curing
 i - 4 potions of cancellation
 k - 2 potions of heal wounds
 m - 4 potions of agility
 o - a potion of cure mutation
 q - 4 potions of magic
 u - 3 potions of might
 A - 8 potions of brilliance
 K - 3 potions of resistance
 L - 5 potions of flight
 O - 3 potions of ambrosia
Comestibles
 d - 17 bread rations
 g - 4 slices of pizza
 h - 27 beef jerkies
 r - 9 meat rations


   Skills:
 + Level 15.5 Fighting
 - Level 8.1 Dodging
 + Level 8.9 Shields
 + Level 17.8 Unarmed Combat
 - Level 10.1 Spellcasting
 - Level 14.2 Transmutations
 - Level 12.2 Earth Magic
 + Level 9.5 Invocations


You had 7 spell levels left.
You knew the following spells:

 Your Spells              Type           Power        Failure   Level  Hunger
a - Passwall              Tmut/Erth      #######...   0%          2    None
b - Sticks to Snakes      Tmut           #######.     0%          2    None
c - Statue Form           Tmut/Erth      #######..    1%          6    ####...
d - Summon Butterflies    Summ           ###.....     1%          1    None
e - Repel Missiles        Chrm/Air       ###...       2%          2    None
f - Blink                 Tloc           N/A          2%          2    None
g - Lee's Rapid Deconstr  Erth           #######...   1%          5    None
h - Confusing Touch       Hex            ###...       1%          1    None
i - Hydra Form            Tmut           #######...   1%          6    ####...
j - Apportation           Tloc           ###.......   1%          1    None
k - Petrify               Tmut/Erth      #######.     1%          4    None


Dungeon Overview and Level Annotations

Branches:
Dungeon (15/15)            Temple (1/1) D:6            Lair (6/6) D:10
 Shoals (0/4) Lair:2       Spider (4/4) Lair:3        Slime (0/5) Lair:5
    Orc (2/2) D:11            Elf (2/3) Orc:2        Vaults (2/5) D:13
  Crypt (0/3) Vaults:2     Depths (1/5) D:15

Altars:
Ashenzari
Cheibriados
Dithmenos
Elyvilon
Fedhas
Gozag
Hepliaklqana
Kikubaaqudgha
Makhleb
Nemelex Xobeh
Okawaru
Qazlal
Ru
Sif Muna
Trog
Uskayaw
Vehumet
Xom
Yredelemnul
Zin
The Shining One
Beogh
Jiyva

Shops:
D:8 [   D:14 *   Orc:2 *[[(   Vaults:1 [

Portals:
Trove: D:14 (show abyssal rune of Zot)

Annotations:
D:15 4 runed doors
Lair:5 1 runed door
Depths:1 Saint Roka


Innate Abilities, Weirdness & Mutations

You cannot wear boots.
((Your serpentine skin is tough. (AC +6)))
You have supernaturally acute eyesight. (SInv)
Armour fits poorly on your strangely shaped body.
Your system is resistant to poisons. (rPois)
((You cover ground very slowly.))
You have a slow metabolism.
You can spit poison.
You can use your snake-like lower body to constrict enemies.


Message History

You block the vault warden's attack.
The vault warden activates a sealing rune.
The vault warden hits you with a halberd!!
* * * LOW HITPOINT WARNING * * *
Items here: ( ))))))))) [[[[[[[[[ †††††† You take 58 damage, and have 36/253 hp.
MASSIVE DAMAGE!!
Unknown command.
You punch the vault warden! You grab the vault warden.
The vault warden is lightly wounded.
You constrict the vault warden.
The vault warden hits you but does no damage.
The vault warden hits you with a halberd!
* * * LOW HITPOINT WARNING * * *
You take 11 damage, and have 25/253 hp.
Okay, then.
You beat the vault warden into a bloody pulp!!!
The vault warden is almost dead.
You constrict the vault warden, but do no damage.
The vault warden hits you from afar with a bardiche of flaming!!!
You die...

#......### .. ###...†...
#........# .. #.........
#.....##+####+# ###..)....
#.....#....#..# #....###
#...).#....#..# #....###
#.....#....#..# .#....#.#
#.....#....#..#....#....#..
#.....#####+p.+### #....#..
#.....#...8p.......#....#..
#.....#............#....#..
#.....#####+?.+#####....##.
#.....# .#..#.. #....### .
..#... #....##. . ..#
...#....##. .. ..#
..#....### ####....# #
.........###


You could see 2 vault wardens.

Vanquished Creatures
  Mara (Vaults:2)
  A greater mummy (WizLab)
  Nikola (Spider:4)
  Arachne (Spider:2)
  A sphinx (Vaults:2)
  Frances (Spider:1)
  Gastronok (Lair:1)
  Agnes (D:14)
  Roxanne (Spider:2)
  Aizul (Spider:2)
  4 ghost moths
  3 emperor scorpions (Spider:4)
  An orc warlord (Orc:2)
  3 vault wardens (Vaults:1)
  A ghoul (Vaults:2)
  8 ironheart preservers
  A stone giant (Orc:2)
  8 entropy weavers
  Nessos (D:13)
  A vampire knight (Vaults:2)
  The ghost of Chiseanne the Fighter, a journeyman CeVM of Gozag (D:13)
  3 spark wasps (Spider:4)
  Snorg (D:13)
  3 mummy priests (WizLab)
  Josephine (Lair:4)
  2 fire dragons
  A deep elf high priest (Elf:1)
  3 ice dragons
  A great orb of eyes (Vaults:1)
  2 rakshasas
  7 vault guards
  10 hydras
  Erolcha (D:13)
  10 centaur warriors
  6 ogre magi
  An alligator (Lair:5)
  4 dancing weapons
  The ghost of tv1990 the Unseen, a journeyman FoEn of Hepliaklqana (D:10)
  Urug (Lair:2)
  An orc high priest (Orc:2)
  6 deep elf knights
  A storm dragon zombie (WizLab)
  A skeletal warrior (Vaults:1)
  7 deep trolls (Vaults:1)
  7 hill giants
  A swamp dragon (Lair:6)
  5 unseen horrors
  5 wizards
  2 lindwurms
  5 ironbrand convokers
  3 deep elf archers (Elf:1)
  5 orc knights
  A wolf spider (shapeshifter) (Vaults:1)
  A fire giant zombie (WizLab)
  17 orb spiders
  41 wolf spiders
  18 deep elf magi
  6 cyclopes
  13 orc sorcerers
  4 manticores
  16 ugly things
  A moth of wrath (Spider:4)
  3 frost giant zombies (WizLab)
  15 elephants
  A spriggan zombie (WizLab)
  7 vault sentinels
  8 torpor snails
  2 naga magi (D:15)
  A molten gargoyle (Volcano)
  6 black mambas
  3 gargoyles
  15 spiny frogs
  2 yaktaur zombies (WizLab)
  14 demonic crawlers
  4 rime drakes
  A redback zombie (D:15)
  A human zombie (WizLab)
  13 komodo dragons
  An elf zombie (WizLab)
  10 yaktaurs (Vaults:1)
  2 guardian mummies (WizLab)
  8 trolls
  3 meliai (D:13)
  11 hornets
  8 polar bears (Lair:6)
  13 two-headed ogres
  8 slime creatures
  38 jumping spiders
  4 raiju (Lair:6)
  10 hippogriffs
  9 blink frogs
  5 dream sheep (Lair:6)
  A stone giant simulacrum (Vaults:2)
  A meliai zombie (D:14)
  62 tarantellas
  A flying skull (Vaults:2)
  2 wyverns
  An air elemental (Elf:1)
  113 redbacks
  7 wraiths
  29 yaks
  2 water elementals (Elf:1)
  A tarantella (shapeshifter) (Vaults:1)
  A human (D:7)
  2 hogs (D:7)
  2 shadows
  A fire bat (shapeshifter) (D:13)
  4 basilisks
  4 steam dragons
  7 fire bats (Volcano)
  4 mottled dragons
  2 nagas (D:14)
  2 vampire mosquitoes (Lair:5)
  19 wargs
  3 hungry ghosts
  16 water moccasins
  5 hell hounds
  A torturous demonspawn zombie (WizLab)
  3 swamp worms (Lair:5)
  Duvessa (D:5)
  12 porcupines
  13 ice beasts
  3 sky beasts
  41 orc warriors
  An eye of draining (D:8)
  A phantom (D:4)
  14 black bears
  2 necrophages
  38 ogres
  3 boggarts (Vaults:1)
  27 wolves
  29 centaurs
  2 big kobolds
  15 crocodiles
  17 bullfrogs
  2 gnoll sergeants
  2 earth elementals (Elf:1)
  Dowan (D:5)
  A tengu zombie (WizLab)
  A scorpion (D:11)
  5 howler monkeys
  3 electric eels
  6 crimson imps
  6 lava snakes (Volcano)
  22 orc priests
  4 quasits
  3 bullfrog skeletons
  20 hounds
  3 centaur skeletons
  Jessica (D:2)
  Ijyb (D:3)
  5 iguanas
  Natasha (thrice) (D:2)
  52 orc wizards
  13 worker ants
  5 hell rats (Lair:5)
  A hound skeleton (D:9)
  2 worker ant zombies
  Robin (D:3)
  A howler monkey skeleton (D:5)
  11 adders
  12 gnolls
  2 shadow imps
  2 oozes
  4 adder skeletons
  A worm (D:3)
  3 dart slugs
  7 leopard geckos
  155 orcs
  2 ball pythons
  2 giant cockroaches
  15 goblins
  16 hobgoblins
  23 jackals
  15 kobolds
  6 quokkas
  9 bats
  7 frilled lizards
  A jackal skeleton (D:6)
  3 leopard gecko zombies
  11 rats
1479 creatures vanquished.

Vanquished Creatures (collateral kills)
  2 hydras (Lair:6)
  Sonja (Lair:1)
  2 hill giants
  2 deep elf magi (Elf:1)
  An ugly thing (D:14)
  A manticore (Lair:2)
  Joseph (D:9)
  A spiny frog (Lair:6)
  A rime drake (Lair:5)
  A jumping spider (Spider:4)
  4 blink frogs
  A hippogriff (Lair:2)
  A redback (Spider:4)
  4 yaks
  A hog (D:7)
  3 water moccasins
  2 wolves (Lair:5)
  An ogre (D:13)
  A bullfrog (Lair:1)
  A gnoll sergeant (D:13)
  An orc wizard (D:13)
  Crazy Yiuf (D:2)
  2 gnolls (D:13)
  An orc (Orc:1)
  A plant (Lair:4)
38 creatures vanquished.

Vanquished Creatures (others)
  An orb spider (Spider:3)
  A deep elf mage (Elf:1)
  An orc (Vaults:1)
  32 fungi
  32 plants
67 creatures vanquished.

Grand Total: 1584 creatures vanquished

Notes
Turn   | Place    | Note
-------+----------+-------------------------------------------
     0 | D:1      | mistymad the Naga Transmuter began the quest for the Orb.
     0 | D:1      | Reached XP level 1. HP: 18/18 MP: 3/3
   136 | D:1      | Reached XP level 2. HP: 16/25 MP: 3/5
   709 | D:1      | Reached XP level 3. HP: 18/31 MP: 6/6
   715 | D:1      | Learned a level 2 spell: Sticks to Snakes
   719 | D:1      | Learned a level 3 spell: Spider Form
  1726 | D:2      | Reached XP level 4. HP: 38/38 MP: 4/8
  1734 | D:2      | Noticed Natasha
  1748 | D:2      | Killed Natasha
  1853 | D:2      | Noticed Natasha
  1864 | D:2      | Killed Natasha
  1864 | D:2      | Reached skill level 4 in Unarmed Combat
  2128 | D:2      | Reached XP level 5. HP: 34/44 MP: 5/9
  2221 | D:2      | Noticed Jessica
  2235 | D:2      | Killed Jessica
  2302 | D:2      | Found a runed door.
  2394 | D:2      | Noticed Crazy Yiuf
  2400 | D:2      | Killed Crazy Yiuf
  2500 | D:2      | Noticed Natasha
  2514 | D:2      | Killed Natasha
  2525 | D:2      | Noticed an ogre
  2531 | D:2      | Killed an ogre
  2531 | D:2      | Reached XP level 6. HP: 24/51 MP: 1/11
  2957 | D:3      | Reached skill level 5 in Unarmed Combat
  3219 | D:3      | Reached XP level 7. HP: 56/57 MP: 13/13
  3607 | D:3      | Noticed Robin
  3646 | D:3      | Killed Robin
  3880 | D:3      | Learned a level 5 spell: Blade Hands
  3911 | D:3      | Noticed Ijyb
  3922 | D:3      | Killed Ijyb
  4303 | D:4      | Reached skill level 5 in Transmutations
  4352 | D:4      | Got a transparent ring mail
  4413 | D:4      | Reached skill level 6 in Unarmed Combat
  4902 | D:4      | Reached XP level 8. HP: 47/64 MP: 8/14
  5068 | D:5      | Entered Level 5 of the Dungeon
  5095 | D:5      | Noticed Duvessa
  5557 | D:5      | Noticed Dowan
  5573 | D:5      | Killed Duvessa
  5573 | D:5      | Reached skill level 7 in Unarmed Combat
  5574 | D:5      | Killed Dowan
  6244 | D:6      | Reached skill level 8 in Unarmed Combat
  6244 | D:6      | Reached XP level 9. HP: 64/70 MP: 11/15
  6381 | D:6      | Found a staircase to the Ecumenical Temple.
  6410 | D:6      | Learned a level 2 spell: Passwall
  6559 | D:6      | Learned a level 2 spell: Repel Missiles
  6562 | D:6      | Learned a level 2 spell: Blink
  6677 | D:6      | Reached skill level 1 in Earth Magic
  7097 | Temple   | Entered the Ecumenical Temple
  7553 | D:7      | Reached skill level 5 in Spellcasting
  7949 | D:7      | Reached skill level 9 in Unarmed Combat
  8109 | D:8      | Reached XP level 10. HP: 84/84 MP: 13/17
  8334 | D:8      | Found Foizaeg's Antique Armour Emporium.
  9055 | D:9      | Noticed Joseph
  9094 | D:9      | Killed Joseph
  9872 | D:9      | Learned a level 5 spell: Lee's Rapid Deconstruction
  9873 | D:10     | Entered Level 10 of the Dungeon
  9943 | D:10     | Identified the +1 ring mail of Texe {rElec rPois rC+ Stlth-} (You found it on level 4 of the Dungeon)
  9991 | D:10     | Found a staircase to the Lair.
 10007 | Lair:1   | Entered Level 1 of the Lair of Beasts
 10010 | Lair:1   | Noticed Sonja
 10045 | Lair:1   | Killed Sonja
 10057 | Lair:1   | Reached skill level 5 in Fighting
 10391 | D:10     | Noticed tv1990's ghost (journeyman FoEn)
 10396 | Lair:1   | Reached XP level 11. HP: 75/94 MP: 15/20
 10457 | Lair:1   | Reached skill level 5 in Earth Magic
 10693 | Lair:1   | Reached skill level 10 in Unarmed Combat
 11313 | Lair:1   | Noticed Gastronok
 11342 | Lair:1   | Killed Gastronok
 11974 | Lair:1   | Reached skill level 10 in Transmutations
 12553 | Lair:2   | Found a staircase to the Shoals.
 12553 | Lair:2   | Noticed a manticore
 12640 | Lair:2   | Killed a manticore
 12706 | Lair:2   | Reached XP level 12. HP: 70/106 MP: 14/23
 12874 | Lair:2   | Noticed a six-headed hydra
 12884 | Lair:2   | Killed a six-headed hydra
 13119 | Lair:2   | Found a dark tunnel.
 13134 | Volcano  | Entered a volcano
 14108 | Volcano  | Found a burning altar of Makhleb.
 14397 | Volcano  | Noticed a fire dragon
 14406 | Volcano  | Killed a fire dragon
 14406 | Volcano  | Reached skill level 11 in Unarmed Combat
 15201 | Lair:2   | Noticed Urug
 15215 | Lair:2   | Killed Urug
 15450 | Lair:2   | Got an ichor-stained flail
 15451 | Lair:2   | Identified the +8 flail of Gaseteru {crush, rC+ Int+7} (You found it on level 2 of the Lair of Beasts)
 16329 | Lair:3   | Found a snail-covered altar of Cheibriados.
 16849 | Lair:3   | Found a hole to the Spider Nest.
 17186 | Lair:3   | Got an encrusted ring mail
 17197 | Lair:3   | Identified the +0 ring mail of the Salamander {+Fly rPois rF- rCorr Dex+2} (You found it on level 3 of the Lair of Beasts)
 17490 | Lair:4   | Reached skill level 1 in Shields
 17490 | Lair:4   | Gained mutation: You can use your snake-like lower body to constrict enemies. [Naga growth]
 17490 | Lair:4   | Reached XP level 13. HP: 117/117 MP: 25/25
 17556 | Lair:4   | Identified a +0 rod of shadows (12/12) (You found it on level 4 of the Lair of Beasts)
 17749 | Lair:4   | Learned a level 1 spell: Confusing Touch
 18306 | Lair:4   | Identified a +0 rod of inaccuracy (9/9) (You found it on level 4 of the Lair of Beasts)
 18397 | Lair:4   | Noticed Josephine
 18407 | Lair:4   | Killed Josephine
 19490 | Lair:5   | Reached skill level 12 in Unarmed Combat
 19816 | Lair:5   | Found a runed door.
 19816 | Lair:5   | Found a viscous altar of Jiyva.
 19816 | Lair:5   | Found a staircase to the Slime Pits.
 19816 | Lair:5   | Noticed an acid blob
 19816 | Lair:5   | Noticed an acid blob
 20883 | Lair:5   | Reached XP level 14. HP: 90/129 MP: 22/26
 21563 | Lair:6   | Entered Level 6 of the Lair of Beasts
 22747 | Lair:6   | Reached skill level 10 in Earth Magic
 22786 | Lair:6   | Reached skill level 10 in Fighting
 24580 | Lair:6   | Learned a level 6 spell: Hydra Form
 24582 | Lair:6   | Learned a level 1 spell: Apportation
 25765 | D:10     | Killed tv1990's ghost
 26406 | D:11     | Reached XP level 15. HP: 133/140 MP: 28/28
 26701 | D:11     | Found a staircase to the Orcish Mines.
 27108 | D:11     | Reached skill level 13 in Unarmed Combat
 27328 | Orc:1    | Entered Level 1 of the Orcish Mines
 27523 | Orc:1    | You fall through a shaft!
 27523 | Orc:2    | Entered Level 2 of the Orcish Mines
 29087 | Orc:2    | Gained mutation: Potions and wands are less effective at restoring your health. [a neqoxec]
 29130 | Orc:2    | Noticed an orc warlord
 29165 | Orc:2    | Killed an orc warlord
 30191 | Orc:2    | Found Oschuale's Weapon Emporium.
 30191 | Orc:2    | Found Etiamilo's Armour Boutique.
 30219 | Orc:2    | Found a roughly hewn altar of Beogh.
 30284 | Orc:2    | Found Ymaug's Antique Armour Emporium.
 30284 | Orc:2    | Found Vikahiwe's General Store.
 30468 | Orc:2    | Bought a dazzling leather armour for 161 gold pieces
 30470 | Orc:2    | Bought a runed robe for 154 gold pieces
 30502 | Orc:2    | Identified the cursed +0 leather armour "Ferghy" {Dex+6} (You bought it in a shop on level 2 of the Orcish Mines)
 30503 | Orc:2    | Bought the +1 cloak of Starlight {rElec rC+ EV+4 Stlth--} for 1023 gold pieces
 30527 | Orc:2    | Bought a scroll of acquirement for 832 gold pieces
 31536 | Orc:2    | Found a staircase to the Elven Halls.
 31572 | Orc:2    | Found a radiant altar of Vehumet.
 32940 | D:12     | You fall through a shaft!
 33030 | D:13     | Noticed Nessos
 33040 | D:13     | Killed Nessos
 33258 | D:13     | Noticed Snorg
 33273 | D:13     | Killed Snorg
 33627 | D:13     | Reached skill level 14 in Unarmed Combat
 33770 | D:13     | Noticed Erolcha
 33787 | D:13     | Killed Erolcha
 34125 | D:13     | Reached XP level 16. HP: 105/152 MP: 29/29
 34381 | D:13     | Reached skill level 5 in Dodging
 34405 | D:13     | Found a gate to the Vaults.
 34595 | D:13     | Noticed Chiseanne's ghost (journeyman CeVM)
 34732 | D:13     | Killed Chiseanne's ghost
 35096 | D:14     | Gained mutation: You tend to lose your temper in combat. [mutagenic meat]
 35097 | D:14     | Lost mutation: Potions and wands are less effective at restoring your health. [mutagenic meat]
 35098 | D:14     | Gained mutation: Your body sometimes deteriorates upon taking damage. [mutagenic meat]
 35099 | D:14     | Gained mutation: You are frail. (-10% HP) [mutagenic meat]
 35100 | D:14     | Gained mutation: Your magical capacity is low. (-10% MP) [mutagenic meat]
 35101 | D:14     | Gained mutation: You are weak. (Str -2) [mutagenic meat]
 35104 | D:14     | Lost mutation: Your body sometimes deteriorates upon taking damage. [potion of cure mutation]
 35104 | D:14     | Lost mutation: You are frail. (-10% HP) [potion of cure mutation]
 35105 | D:14     | Lost mutation: Your magical capacity is low. (-10% MP) [potion of cure mutation]
 35105 | D:14     | Lost mutation: You tend to lose your temper in combat. [potion of cure mutation]
 35105 | D:14     | Lost mutation: You are weak. (Str -2) [potion of cure mutation]
 35260 | D:14     | Noticed Agnes
 35278 | D:14     | Killed Agnes
 35420 | D:14     | Learned a level 4 spell: Petrify
 35604 | D:14     | Learned a level 1 spell: Summon Butterflies
 35776 | D:14     | Found Gij Myrr's Serpentskin Sales.
 35888 | D:14     | Found a portal to a secret trove of treasure.
 36342 | D:15     | Entered Level 15 of the Dungeon
 36342 | D:15     | Found a runed door.
 36353 | D:15     | Found a runed door.
 36375 | D:15     | Found a hide-covered altar of Uskayaw.
 36382 | D:15     | Found a runed door.
 36404 | D:15     | Found a runed door.
 36461 | D:15     | Found a blossoming altar of Fedhas.
 36696 | D:15     | Found a staircase to the Depths.
 37609 | Depths:1 | Entered Level 1 of the Depths
 37612 | Depths:1 | Noticed Saint Roka
 38199 | D:8      | Bought a runed buckler for 273 gold pieces
 38327 | Spider:1 | Entered Level 1 of the Spider Nest
 39326 | Elf:1    | Entered Level 1 of the Elven Halls
 39341 | Elf:1    | Reached skill level 15 in Unarmed Combat
 41076 | Elf:2    | Reached XP level 17. HP: 136/162 MP: 30/30
 42133 | Spider:1 | Got a fine cloak
 42144 | Spider:1 | Identified the cursed +0 cloak "Nived" {Slay+2} (You found it on level 1 of the Spider Nest)
 42190 | Spider:1 | Noticed Frances
 42202 | Spider:1 | Killed Frances
 43527 | Spider:2 | Noticed Aizul
 43532 | Spider:2 | Noticed Arachne
 43756 | Spider:2 | Killed Aizul
 44009 | Spider:2 | Killed Arachne
 44009 | Spider:2 | Reached skill level 16 in Unarmed Combat
 44637 | Spider:2 | Noticed Roxanne
 44704 | Spider:2 | Killed Roxanne
 44730 | Spider:2 | Identified Roxanne's Papyrus of Transformation (You took it off Roxanne on level 2 of the Spider Nest)
 44740 | Spider:2 | Learned a level 6 spell: Statue Form
 44953 | D:8      | Bought a runed large shield for 273 gold pieces
 45119 | Lair:3   | Became a worshipper of Cheibriados the Contemplative
 45398 | Spider:3 | Reached * piety under Cheibriados
 45408 | Spider:3 | Reached skill level 1 in Invocations
 45524 | Spider:3 | Reached skill level 5 in Shields
 45535 | Spider:3 | Reached ** piety under Cheibriados
 45657 | Spider:3 | Reached XP level 18. HP: 172/172 MP: 31/31
 45692 | Spider:3 | Reached *** piety under Cheibriados
 45857 | Spider:3 | Reached **** piety under Cheibriados
 46302 | Spider:4 | Entered Level 4 of the Spider Nest
 46343 | Spider:4 | Reached ***** piety under Cheibriados
 46476 | Spider:4 | Noticed Nikola
 46500 | Spider:4 | Killed Nikola
 46763 | Spider:4 | Reached skill level 10 in Spellcasting
 46786 | Spider:4 | Reached ****** piety under Cheibriados
 46903 | Spider:4 | Reached skill level 5 in Invocations
 47286 | Spider:4 | Got a gossamer rune of Zot
 47622 | Vaults:1 | Entered Level 1 of the Vaults
 47622 | Vaults:1 | Found a magical portal.
 47638 | WizLab   | Entered Doroklohe's Tomb
 47721 | WizLab   | Noticed a greater mummy
 47731 | WizLab   | Killed a greater mummy
 47731 | WizLab   | Reached XP level 19. HP: 133/183 MP: 33/33
 47841 | WizLab   | Reached skill level 17 in Unarmed Combat
 48747 | Vaults:1 | Reached skill level 15 in Fighting
 48916 | Vaults:1 | Found Yckibbih's Armour Boutique.
 49548 | Vaults:2 | Noticed Mara
 49560 | Vaults:2 | Noticed mistymad's illusion
 49562 | Vaults:2 | Killed Mara
 49966 | Vaults:2 | Reached XP level 20. HP: 195/195 MP: 34/34
 50048 | Vaults:2 | Found a staircase to the Crypt.
 50160 | Vaults:2 | Mangled by a vault warden

Skill      XL: |  1  2  3  4  5  6  7  8  9 10 11 12 13 14 15 16 17 18 19 |
---------------+----------------------------------------------------------+-----
Transmutations | 3 4 5 7 8 9 10 11 12 13 14 | 14.2
Unarmed Combat | 4 5 6 8 9 10 11 12 14 15 16 17 | 17.8
Spellcasting   | 3 4 5 6 7 8 9 10 | 10.1
Earth Magic    | 2 4 6 8 9 10 11 12 | 12.2
Fighting       | 3 5 6 8 9 10 11 12 13 14 15 | 15.5
Shields        | 1 4 5 7 8 |  8.9
Dodging        | 3 4 6 8 |  8.1
Invocations    | 2 6 9 |  9.5

Action                   |  1- 3 |  4- 6 |  7- 9 | 10-12 | 13-15 | 16-18 | 19-21 || total
-------------------------+-------+-------+-------+-------+-------+-------+-------++-------
Melee: Unarmed           |   100 |   102 |   447 |   537 |  1471 |  1322 |   332 ||  4311
       Headbutt          |     1 |       |       |       |       |       |       ||     1
       Punch             |       |       |     1 |    14 |    58 |    41 |       ||   114
       Flail             |       |       |       |    10 |       |       |       ||    10
       Constrict         |       |       |       |       |   289 |   270 |    71 ||   630
 Cast: Beastly Appendage |     2 |       |       |       |       |       |       ||     2
       Spider Form       |     4 |    16 |    55 |    36 |     1 |       |       ||   112
       Sticks to Snakes  |       |     4 |     7 |    61 |    38 |    31 |       ||   141
       Repel Missiles    |       |       |       |     2 |     4 |     8 |     2 ||    16
       Blade Hands       |       |       |       |    44 |   110 |    58 |       ||   212
       Lee's Rapid Decon |       |       |       |       |    41 |    55 |       ||    96
       Confusing Touch   |       |       |       |       |     6 |     1 |       ||     7
       Blink             |       |       |       |       |     1 |       |       ||     1
       Hydra Form        |       |       |       |       |     4 |     1 |       ||     5
       Statue Form       |       |       |       |       |       |    32 |    30 ||    62
       Summon Butterflie |       |       |       |       |       |     7 |       ||     7
Invok: Slouch            |       |       |       |       |       |       |     2 ||     2
 Abil: Spit Poison       |    16 |     5 |     6 |       |       |       |       ||    27
       End Transformatio |       |       |       |     3 |     8 |     3 |       ||    14
Evoke: Wand              |       |       |       |     8 |    27 |    20 |       ||    55
       Rod               |       |       |       |       |     4 |       |       ||     4
  Use: Scroll            |       |     9 |     1 |    11 |    13 |    13 |     1 ||    48
       Potion            |       |       |       |     7 |     7 |     7 |       ||    21
 Stab: Sleeping          |     4 |       |     2 |       |       |       |       ||     6
       Distracted        |       |       |     2 |     5 |     3 |     3 |       ||    13
       Invisible         |       |       |       |     1 |     2 |     5 |       ||     8
       Confused          |       |       |       |       |     2 |     1 |       ||     3
  Eat: Chunk             |     3 |     6 |    19 |    30 |    68 |    56 |     9 ||   191
       Pizza             |       |       |       |     4 |     3 |       |       ||     7
       Fruit             |       |       |       |       |     1 |    15 |     2 ||    18
       Royal jelly       |       |       |       |       |       |       |     1 ||     1
Armor: Robe              |    16 |    13 |    46 |   129 |   359 |   552 |     6 ||  1121
       Skin              |       |     4 |    21 |    25 |    42 |   410 |   138 ||   640
       Leather armour    |       |       |       |       |   283 |       |       ||   283
Dodge: Dodged            |    53 |    84 |   384 |   348 |   772 |  1615 |   328 ||  3584
       Deflected         |       |       |       |     4 |    21 |    24 |     3 ||    52
Block: Buckler           |       |       |       |       |   124 |   515 |   233 ||   872
